 Dungeon Crawl Stone Soup version 0.31-a0-1626-g5cb510d322 (webtiles) character file.

Game seed: 14068724116809270594

326 Newt the Skirmisher (level 6, -4/40 HPs)
             Began as a Kobold Hunter on Jan 12, 2024.
             Killed by divine providence
             ... invoked by an orc priest
              (13 damage)
             ... on level 4 of the Dungeon.
             The game lasted 00:03:04 (3248 turns).

Newt the Skirmisher (Kobold Hunter)                 Turns: 3248, Time: 00:03:04

Health: -4/40      AC:  9    Str:  8    XL:     6   Next: 79%
Magic:  0/6        EV: 14    Int: 10    God:
Gold:   280        SH:  0    Dex: 21    Spells: 5/5 levels left

rFire   . . .        a - +0 shortbow
rCold   . . .        (shield currently unavailable)
rNeg    + . .        c - +0 leather armour
rPois   .            (no helmet)
rElec   +            f - +1 cloak
rCorr   .            (no gloves)
SInv    +            (no boots)
Will    .....        k - amulet of guardian spirit
Stlth   ++++         m - ring "Jyif" {*Slow rElec rN+ SInv Stlth+}
HPRegen 0.26/turn    q - +4 ring of protection
MPRegen 0.10/turn

%: slow self (1%), guardian spirit
@: no status effects
A: small, no large weapons, nightstalker 3
a: no special abilities


You were on level 4 of the Dungeon.
You visited 2 branches of the dungeon, and saw 5 of its levels.

You collected 280 gold pieces.

Inventory:

Hand Weapons
 a - a +0 shortbow (weapon)
Armour
 c - a +0 leather armour (worn)
 f - a +1 cloak (worn)
Jewellery
 k - an amulet of guardian spirit (around neck)
 m - the ring "Jyif" (left hand) {*Slow rElec rN+ SInv Stlth+}
   (You acquired it on level 2 of the Dungeon)

   [ring of positive energy]

   rElec:     It insulates you from electricity.
   rN+:       It protects you from negative energy.
   SInv:      It lets you see invisible.
   *Slow:     It may slow you when you take damage.
   Stlth+:    It makes you more stealthy.
 q - a +4 ring of protection (right hand)
 r - a ring of magical power
Talismans
 i - a beast talisman
Scrolls
 b - a scroll of butterflies
 d - a scroll of revelation
 g - 3 scrolls of teleportation
 n - a scroll of enchant weapon {unknown}
 o - a scroll of poison {unknown}
 s - a scroll of noise {unknown}
 t - 2 scrolls of identify
Potions
 e - a potion of lignification
 h - a potion of attraction
 j - a potion of heal wounds {unknown}
 l - a potion of enlightenment {unknown}
 p - a potion of brilliance {unknown}


   Skills:
 - Level 5.0 Fighting
 + Level 8.3 Ranged Weapons
 - Level 2.4 Dodging
 - Level 1.3 Stealth


You had 5 spell levels left.
You didn't know any spells.
Your spell library contained the following spells:

 Spells                   Type           Power      Damage    Failure   Level
 Freeze                   Ice            0%         1d3       50%         1
 Frozen Ramparts          Ice            0%         1d1       86%         3
 Hailstorm                Conj/Ice       0%         3d5       86%         3
 Volatile Blastmotes      Fire/Tloc      0%         2d10      86%         3
 Fulminant Prism          Conj/Alch      0%         3d5       99%         4
 Iskenderun's Mystic Bla  Conj/Tloc      0%         2d3       99%         4


Dungeon Overview and Level Annotations

Branches:
Dungeon (4/15)             Temple (1/1) D:4

Altars:
Ashenzari
Cheibriados
Fedhas
Kikubaaqudgha
Nemelex Xobeh
Okawaru
Qazlal
Trog
Uskayaw
Vehumet

Shops:
D:1 [


Innate Abilities, Weirdness & Mutations

You are small and have problems with some larger weapons.
You are completely attuned to the shadows.


Message History

You clumsily bash the orc priest but do no damage.
The orc priest is moderately wounded.
The orc priest barely misses you. The orc wizard closely misses you.
You clumsily bash the orc priest but do no damage.
The orc priest is moderately wounded.
The orc priest hits you with a +0 mace.
The orc wizard hits you with a +0 dagger.
The orc priest closely misses you. The orc wizard closely misses you.
Unknown command.
You bump into the rock wall.
The orc priest closely misses you.
The orc wizard hits you but does no damage.
Unknown command.
You clumsily bash the orc priest but do no damage.
The orc priest is moderately wounded.
You feel less confused. The orc priest hits you with a +0 mace.
The orc wizard closely misses you.
Unknown command.
You shoot an arrow. The arrow hits the orc priest.
The orc priest is moderately wounded.
The orc priest hits you with a +0 mace.
The orc wizard hits you with a +0 dagger.
Unknown command.
You shoot an arrow.
The arrow closely misses the orc priest.
The orc priest hits you with a +0 mace.
The orc wizard hits you but does no damage.
Unknown command.
You shoot an arrow. The arrow hits the orc priest.
The orc priest is severely wounded.
The orc priest hits you with a +0 mace.
The orc wizard points at you and mumbles some strange words.
The puff of flame hits you!
* * * LOW HITPOINT WARNING * * *
Unknown command.
You shoot an arrow.
The arrow hits the orc priest but does no damage.
The orc priest is severely wounded.
The orc priest invokes the aid of Beogh against you.
Beogh smites you!
You die...

#.....#......#............#
#.....#..##'##............#
#.....+..#.....####.......#
#.....#+##.....# #.......#
...............#..#.......#
..[............#..#.....<.#
..........######..#.......#
..........# #o##.......#
###'##†...# ##@o#.......#
#....#....# ......'.......#
#....#....######..#.......#
#....#.........####.......#
#....#....................#
#....#....................#
######........>...........#
..........##'##†..........#
..........#...#...........#


You could see an orc priest and an orc wizard (invisible).

Vanquished Creatures
  A scorpion (D:4)
  A vampire bat (D:3)
  A bombardier beetle (D:4)
  Crazy Yiuf (D:3)
  An iguana (D:4)
  An orc wizard (D:3)
  An adder (D:4)
  A white imp (D:4)
  A ribbon worm (D:2)
  10 orcs
  2 bat skeletons (D:3)
  3 bat zombies (D:3)
  5 endoplasms
  5 giant cockroaches
  5 goblins
  6 hobgoblins
  4 jackals (D:2)
  10 kobolds
  6 quokkas
  5 ball pythons
  3 bats (D:2)
  3 frilled lizards
  4 rats
80 creatures vanquished.

Notes
Turn   | Place    | Note
-------+----------+-------------------------------------------
     0 | D:1      | Newt the Kobold Hunter began the quest for the Orb.
     0 | D:1      | Reached XP level 1. HP: 12/12 MP: 1/1
    42 | D:1      | Found Zomimoycs's Antique Armour Boutique.
   230 | D:1      | Reached XP level 2. HP: 18/18 MP: 2/2
   811 | D:2      | Reached XP level 3. HP: 22/23 MP: 3/3
  1190 | D:2      | Identified a scroll of acquirement
  1190 | D:2      | Acquired the ring "Jyif" {*Slow rElec rN+ SInv Stlth+}
  1533 | D:2      | Reached XP level 4. HP: 30/30 MP: 4/4
  1790 | D:3      | Found a radiant altar of Vehumet.
  1886 | D:3      | Found a runed translucent door.
  1889 | D:3      | Noticed Crazy Yiuf
  2032 | D:3      | Reached skill level 5 in Fighting
  2061 | D:3      | Reached XP level 5. HP: 35/35 MP: 5/5
  2090 | D:3      | Found an ancient bone altar of Kikubaaqudgha.
  2102 | D:3      | Reached skill level 6 in Ranged Weapons
  2359 | D:3      | Killed Crazy Yiuf
  2425 | D:4      | HP: 1/35 [white imp/puff of frost (9)]
  2430 | D:4      | Reached skill level 7 in Ranged Weapons
  2430 | D:4      | Reached XP level 6. HP: 12/40 MP: 1/6
  2779 | D:4      | Reached skill level 8 in Ranged Weapons
  3083 | D:4      | Found a staircase to the Ecumenical Temple.
  3122 | Temple   | Entered the Ecumenical Temple
  3248 | D:4      | Killed from afar by an orc priest

Illustrated notes

Levels and vault maps discovered:
D:1:      dpeg_arrival_rooms_c, layout_basic, serial_shops, shop,
          minmay_tetromino_o2
D:2:      minmay_skewed_foursquare, layout_loops_ring, grunt_ministairs_12
D:3:      layout_basic, kennysheep_vampire_church, lemuel_round_altar,
          uniq_crazy_yiuf_cottage
D:4:      layout_gridville, minmay_temple_entry_enclosed_plants,
          kennysheep_minor_cross
Temple:   hellmonk_temple_forest_ring

Skill      XL: |  1  2  3  4  5  6 |
---------------+-------------------+-----
Fighting       | 3 4 5 |  5.0
Ranged Weapons | 7 8 |  8.3
Dodging        | |  2.4
Stealth        | |  1.3

Action                     |  1- 3 |  4- 6 || total
---------------------------+-------+-------++-------
  Melee: Shortbow          |       |     3 ||     3
   Fire: Shortbow          |    80 |   133 ||   213
    Use: Scroll            |     7 |     1 ||     8
         Potion            |       |     3 ||     3
 Armour: Leather armour    |     7 |    72 ||    79
  Dodge: Dodged            |    23 |    80 ||   103

Table legend: (Time is in decaauts)
 A = Elapsed time spent in this place.
 B = Non-inter-level travel time spent in this place.
 C = Inter-level travel time spent in this place.
 D = Time resting spent in this place.
 E = Time spent auto-exploring this place.
 F = Levels seen in this place.
 G = Mean time per level.
                   A        B        C        D        E       F      G
               +--------+--------+--------+--------+--------+-----+--------+
         Total |   3285 |   3154 |    131 |    172 |   2566 |   5 |  657.0 |
       Dungeon |   3283 |   3154 |    129 |    172 |   2566 |   4 |  820.8 |
        Temple |      1 |      0 |      1 |      0 |      0 |   1 |    1.0 |
               +--------+--------+--------+--------+--------+-----+--------+

Top non-repeatable levels by time:
     D:2: 972 daAuts
     D:4: 869 daAuts
     D:1: 756 daAuts
     D:3: 686 daAuts
  Temple: 1 daAuts
